 Dungeon Crawl Stone Soup version 0.16.2-12-gd0ad4c3 (webtiles) character file.

309367 kroki the Severer (level 21, -10/194 (198) HPs)
             Began as a Ghoul Berserker on Sept 22, 2015.
             Was the Champion of Makhleb.
             Mangled by a stone giant (34 damage)
             ... created by the rage of Trog
             ... on level 2 of the Crypt.
             The game lasted 01:24:13 (45724 turns).

kroki the Severer (Ghoul Berserker)                Turns: 45724, Time: 01:24:13

HP:   -10/194 (198) AC: 29    Str: 21 (28) XL:     21   Next: 23%
MP:   0/8           EV: 18    Int:  3      God:    Makhleb [******]
Gold: 1169          SH:  0    Dex: 15      Spells: 0 memorised, 20 levels left

rFire  + + .     SeeInvis +     I - +9 battleaxe (antimagic)
rCold  . . .     Clarity  .     M - +2 fire dragon armour {rF++, rC-}
rNeg   + + +     SustAb   .     (no shield)
rPois  ∞         Gourm    .     v - +2 hat of the Bear Spirit {Spirit, +Rage rN+ MR++}
rElec  .         Spirit   +     z - +2 cloak {MR+}
rCorr  .         Warding  .     u - +2 pair of gloves {archery}
rMut   .         Stasis   .     F - +2 pair of boots {run}
MR     ++++.                    j - amulet of faith {Faith, !P}
Stlth  ..........               y - +5 ring of strength
                                h - ring of see invisible {sInv, !d}

@: about to teleport, rotting, quick, incredibly resistant to hostile
enchantments, extremely unstealthy
A: rotting body, claws 1, carnivore 3, cold resistance 1, negative energy
resistance 3, poison resistance, slow healing 1, torment resistance, unbreathing
a: Minor Destruction, Lesser Servant of Makhleb, Major Destruction, Greater
Servant of Makhleb, Renounce Religion
}: 2/15 runes: barnacled, gossamer


You were on level 2 of the Crypt.
You worshipped Makhleb.
Makhleb was exalted by your worship.
You were not hungry.

You visited 8 branches of the dungeon, and saw 45 of its levels.
You also visited: Bailey.

You collected 5392 gold pieces.
You spent 4223 gold pieces at shops.

Inventory:

Hand weapons
 s - a +5 executioner's axe of draining
   (Trog gifted it to you on level 4 of the Lair of Beasts)
 I - a +9 antimagic battleaxe (weapon)
   (Trog gifted it to you on level 2 of the Spider Nest)
 U - the +5 battleaxe of the Lame Duck {chop, *Rage rElec Str+2}
   (Trog gifted it to you on level 1 of the Vaults)

   It inflicts extra damage upon your enemies.
   It affects your strength (+2).
   It insulates you from electricity.
   It may make you go berserk in combat.
Armour
 u - a +2 pair of gloves of archery (worn)
   (You bought it in a shop on level 1 of the Orcish Mines)
 v - the +2 hat of the Bear Spirit (worn) {Spirit, +Rage rN+ MR++}
   (You found it on level 5 of the Spider Nest)

   It protects you from negative energy.
   It affects your resistance to hostile enchantments.
   It lets you go berserk.
 z - a +2 cloak of magic resistance (worn)
   (You took it off Crazy Yiuf on level 4 of the Dungeon)
 F - a +2 pair of boots of running (worn)
   (You acquired it on level 4 of the Orcish Mines)
 M - a +2 fire dragon armour (worn) {rF++, rC-}
   (You bought it in a shop on level 1 of the Orcish Mines)
Jewellery
 c - an uncursed ring of protection from fire {rF+, !d}
   (You found it on level 1 of the Crypt)
 h - a ring of see invisible (left hand) {sInv, !d}
   (You found it on level 15 of the Dungeon)
 j - an amulet of faith (around neck) {Faith, !P}
   (You found it on level 1 of the Dungeon)
 y - a +5 ring of strength (right hand)
   (You found it on level 4 of the Dungeon)
Magical devices
 i - a wand of magic darts (31)
   (You found it on level 3 of the Vaults)
 r - a wand of teleportation (3)
   (You found it on level 7 of the Lair of Beasts)
 C - a wand of heal wounds (6)
   (You found it on level 5 of the Dungeon)
 D - a wand of invisibility (3)
   (You found it on level 2 of the Vaults)
 H - a wand of disintegration (15)
   (You found it on level 8 of the Lair of Beasts)
 T - a wand of digging (10)
   (You found it on level 3 of the Vaults)
 Y - a wand of disintegration (4)
   (You found it on level 4 of the Lair of Beasts)
Scrolls
 o - 13 scrolls of teleportation
 t - 7 scrolls of fear
 A - 22 scrolls of remove curse
 B - 8 scrolls of immolation {!r}
 J - 3 scrolls of enchant armour
 K - a scroll of recharging
 O - 3 scrolls of identify
 Q - 4 scrolls of magic mapping {!r}
 R - 3 scrolls of fog
 Z - 2 scrolls of enchant weapon
Potions
 b - 5 potions of brilliance
 d - 18 potions of curing
 f - 6 potions of haste
 l - 7 potions of agility
 p - 3 potions of resistance
 w - 9 potions of heal wounds
 x - 4 potions of invisibility
 E - 4 potions of might
 V - 12 potions of restore abilities
 W - a potion of cancellation
Books
 g - a book of the Sky
   (You found it on level 2 of the Elven Halls)
 L - a book of Changes
   (You found it on level 2 of the Elven Halls)
Miscellaneous
 e - a phantom mirror
 k - a legendary deck of destruction {the Hammer, drawn: 1}
   (You found it in a bailey)
 G - a lamp of fire
   (You found it on level 5 of the Shoals)
 N - a fan of gales
   (You found it on level 8 of the Lair of Beasts)
 S - a sack of spiders {used: 2}
   (You found it on level 3 of the Lair of Beasts)
 X - a plain deck of escape
   (You found it on level 3 of the Shoals)
Comestibles
 a - 14 slices of pizza
 n - 22 meat rations {@e2}
 q - 11 beef jerkies


   Skills:
 + Level 19.1 Fighting
 - Level 20.0 Axes
 + Level 16.2 Armour
 + Level 13.7 Dodging
 - Level 5.8 Evocations


You had 20 spell levels left.
You didn't know any spells.

Dungeon Overview and Level Annotations

Branches:
Dungeon (15/15)            Temple (0/1) D:7            Lair (8/8) D:8
 Shoals (5/5) Lair:5       Spider (5/5) Lair:6        Slime (0/6) Lair:8
    Orc (4/4) D:10            Elf (3/3) Orc:4        Vaults (3/5) D:14
  Crypt (2/3) Vaults:2     Depths (0/5) D:15

Altars:
Ashenzari
Dithmenos
Elyvilon
Kikubaaqudgha
Makhleb
Nemelex Xobeh
Okawaru
Trog
Xom
The Shining One
Beogh
Jiyva

Shops:
D:7 [   D:12 !   Orc:1 [   Orc:2 !!   Orc:3 %   Orc:4 ?(}}   Elf:2 }
Vaults:1 [   Vaults:3 *

Portals:
Trove: Elf:2 (show slimy rune of Zot)

Annotations:
Elf:1 Kirke


Innate Abilities, Weirdness & Mutations

Your body is rotting away.
You thrive on raw meat.
You have sharp fingernails.
You are carnivorous and can eat meat at any time.
Your flesh is cold resistant.
You are immune to negative energy.
Your system is resistant to poisons.
You heal slowly when monsters are visible.
You are immune to unholy pain and torment.
You can survive without breathing.


Message History

You slice the iron troll!!
The iron troll bites you but does no damage.
The iron troll closely misses you. The iron troll claws you.
You take 4 damage, and have 183/194 hp.
You slash the iron troll!
You hit the iron troll but do no damage.
The iron troll closely misses you.
The iron troll claws you but does no damage. x2
You hit the iron troll.
You slice the iron troll like a ripe choko!!!
The iron troll bites you! The iron troll claws you.
The iron troll claws you but does no damage.
You take 20 damage, and have 163/194 hp.
You hit the iron troll.
You kill the iron troll!
That felt strangely unrewarding.
No target in view!
No target in view!
Found a stone staircase leading up.
You regained 3 hp, and now have 167/194 hp.
No target in view!
There is a large open door here.
A - 22 scrolls of remove curse (gained 1)
An eidolon comes into view.
The eidolon gives a chilling moan.
There is a stone staircase leading up here.
You regained 3 hp, and now have 170/194 hp.
An eidolon is nearby!
An eidolon is nearby!
An eidolon is nearby!
The eidolon completely misses you.
The eidolon hits you but does no damage.
You completely miss the eidolon. The eidolon barely misses you.
The eidolon barely misses you.
An eidolon is nearby!
An eidolon is nearby!
You slash the eidolon!
The eidolon's magic leaks into the air.
An eidolon is nearby!
You open the eidolon like a pillowcase!!!
The eidolon's magic leaks into the air.
The eidolon completely misses you.
The eidolon hits you but does no damage.
An eidolon is nearby!
You slash the eidolon!
The eidolon's magic leaks into the air.
The eidolon misses you. The eidolon closely misses you.
An eidolon is nearby!
You slash the eidolon!
The eidolon's magic leaks into the air.
An eidolon is nearby!
You slash the eidolon!
The eidolon's magic leaks into the air.
The eidolon completely misses you.
The eidolon hits you but does no damage.
An eidolon is nearby!
You slash the eidolon!
You destroy the eidolon!
Makhleb accepts your kill.
You feel a little better.
There is a large open door here.
Found an escape hatch in the ceiling.
Health restored: 194
There is an escape hatch in the ceiling here.
You now have 1169 gold pieces (gained 25).
Trog sends monsters to punish you.
A two-headed ogre, a hill giant and 2 stone giants come into view.
You slash the two-headed ogre! You barely miss the hill giant.
There are monsters nearby!
You slice the two-headed ogre!!
Your fire dragon armour prevents you from hitting the hill giant.
The hill giant misses you. The two-headed ogre barely misses you.
The two-headed ogre completely misses you.
There are monsters nearby!
You barely miss the two-headed ogre. You slash the hill giant!
You barely miss the stone giant. You slice the stone giant!!
The stone giant hits you!!! The stone giant barely misses you.
You take 39 damage, and have 155/194 hp.
MASSIVE DAMAGE!!
You now have 7/8 mp.
Read which item? (? for menu, Esc to quit)
As you read the scroll of teleportation, it crumbles to dust.
You feel strangely unstable. The hill giant misses you.
The two-headed ogre hits you with a giant club!!
The two-headed ogre closely misses you.
The stone giant hits you but does no damage. x2
You take 24 damage, and have 131/194 hp.
You now have 6/8 mp.
Read which item? (? for menu, Esc to quit)
You can't read that!
Read which item? (? for menu, Esc to quit)
As you read the scroll of torment, it crumbles to dust.
You feel a surge of unholy energy.
The stone giant convulses!
The stone giant convulses!
The hill giant convulses!
The two-headed ogre convulses!
The hill giant barely misses you. The two-headed ogre misses you.
The two-headed ogre completely misses you.
The stone giant hits you!!! The stone giant barely misses you.
The stone giant hits you!! The two-headed ogre misses you.
The two-headed ogre misses you.
The hill giant hits you with a giant club!!!
* * * LOW HITPOINT WARNING * * *
The stone giant hits you!!
You die...

# ####### .'....#
.'....#############
.####.............#
## #......<...#..#
# #..#########..#
#..# #CO# #..# #@.#
#..# #CC# #####..#
#..#
.......#########..#
..................#
##..##...........##
#..####..###..###
#..# #..# #..# #..#
##''###''###


You could see 2 stone giants, a hill giant (berserk) and a two-headed ogre
(berserk).

Vanquished Creatures
  Saint Roka (Crypt:2)
  Mara (Elf:3)
  Nikola (Spider:5)
  2 liches
  A kraken (Shoals:5)
  An ancient champion (Crypt:2)
  2 sphinxes
  Frances (Elf:3)
  Ilsuiw (Shoals:5)
  Wiglaf (Vaults:1)
  Maud (Elf:1)
  A frost giant (D:14)
  3 emperor scorpions
  4 vault wardens
  2 ghouls (Crypt:1)
  4 ghost moths
  The ghost of Turgon the Impaler, a powerful DsBe of Trog (Shoals:5)
  6 stone giants
  10 ironheart preservers
  5 deep elf demonologists
  A vampire knight (Vaults:2)
  2 deep elf annihilators
  2 vault guards (Vaults:1)
  3 eidola
  3 merfolk javelineers
  2 deep elf death magi (Crypt:1)
  A fire dragon (Vaults:1)
  6 yaktaur captains
  7 merfolk impalers
  An ice dragon (Lair:4)
  Fannar (D:11)
  2 great orbs of eyes
  3 hydras
  Harold (Orc:4)
  9 centaur warriors
  Erica (D:11)
  5 merfolk avatars
  5 ogre magi
  3 vampire magi
  A catoblepas (Lair:6)
  A satyr (Shoals:2)
  16 dancing weapons (Elf:2)
  5 merfolk aquamancers
  A deep troll shaman (Vaults:1)
  6 death yaks
  A death knight (Crypt:2)
  Urug (D:15)
  2 iron trolls
  3 orc high priests
  19 deep elf knights
  A storm dragon zombie (Crypt:2)
  A fire crab (Vaults:2)
  A soul eater (Crypt:2)
  29 skeletal warriors
  A wizard (D:15)
  7 sea snakes
  8 hill giants
  An unseen horror (shapeshifter) (D:13)
  Erolcha (D:11)
  9 deep trolls
  2 unseen horrors
  5 orc knights
  11 deep elf summoners
  A shadow dragon zombie (Crypt:2)
  Pikel (D:6)
  A giant orange brain (Vaults:1)
  4 harpies (Shoals:1)
  8 ironbrand convokers
  11 deep elf conjurers
  9 orb spiders
  3 necromancers
  48 wolf spiders
  A mana viper (shapeshifter) (Vaults:2)
  9 orc sorcerers
  An oklob plant (Shoals:4)
  5 phantasmal warriors
  13 griffons
  8 cyclopes
  12 manticores
  4 moths of wrath
  5 water nymphs
  4 black mambas
  6 fauns
  8 vault sentinels
  7 ugly things
  19 elephants
  12 hornets
  A naga mage (D:15)
  8 sirens
  A sixfirhy (Elf:2)
  An orange demon (Elf:2)
  7 drowned souls
  2 torpor snails
  A gargoyle (D:14)
  A shock serpent skeleton (Crypt:1)
  15 spiny frogs
  15 yaktaurs
  8 centaur skeletons
  A death yak zombie (Crypt:1)
  A kobold demonologist (Vaults:2)
  2 fire drakes (Lair:8)
  4 komodo dragons
  A hellwing (Elf:2)
  14 demonic crawlers
  4 deep elf priests
  22 jumping spiders
  25 merfolk
  A purple draconian skeleton (Crypt:2)
  5 freezing wraiths
  The ghost of dscm the Shield-Bearer, an average MiFi of Qazlal (D:8)
  6 trolls
  Sonja (Elf:1)
  5 polar bears
  2 blue devils (Elf:2)
  A harpy skeleton (D:15)
  3 wind drakes
  Prince Ribbit (D:4)
  12 two-headed ogres
  16 blink frogs
  An ice dragon zombie (Crypt:2)
  2 bog bodies (Crypt:1)
  3 boulder beetles
  A hornet zombie (D:14)
  20 slime creatures
  9 snapping turtles
  A fire giant simulacrum (Crypt:2)
  A fire dragon skeleton (Crypt:1)
  A guardian serpent skeleton (Crypt:1)
  An ice dragon skeleton (Crypt:2)
  5 basilisks
  4 vampires
  49 redbacks
  32 tarantellas
  4 wyverns
  2 centaur simulacra
  3 shadows
  11 water elementals
  The ghost of dscm the Covered, an average MiFi (D:5)
  2 steam dragons (Lair:8)
  22 trapdoor spiders
  3 hungry ghosts
  Eustachio (D:7)
  3 wraiths
  32 yaks
  A hippogriff (shapeshifter) (Elf:3)
  9 vampire mosquitoes
  12 wargs
  8 hippogriffs
  A human (D:7)
  A golden eye (shapeshifter) (Vaults:1)
  A merfolk zombie (Crypt:1)
  15 water moccasins
  32 deep elf fighters
  7 wolves
  19 deep elf magi
  6 mottled dragons
  Edmund (D:4)
  16 porcupines
  2 swamp drakes (Lair:8)
  24 orc warriors
  2 necrophages
  An eye of draining (shapeshifter) (Elf:2)
  26 spiders
  32 ogres
  4 slaves (D:6)
  An elephant zombie (Lair:3)
  An eye of draining (D:13)
  5 phantoms
  5 black bears
  8 centaurs
  A sky beast (D:14)
  13 crocodiles
  2 boring beetles
  Duvessa (D:7)
  6 big kobolds
  A wyvern zombie (Crypt:1)
  A brain worm (Lair:6)
  A gnoll sergeant (D:12)
  A warg zombie (Orc:4)
  A wyvern skeleton (D:12)
  12 giant frogs
  9 wights
  6 scorpions
  11 killer bees
  A spriggan skeleton (Crypt:1)
  10 hounds
  A giant frog zombie (Crypt:1)
  2 goliath beetles (D:8)
  A wasp zombie (D:11)
  7 centaur zombies
  Dowan (D:7)
  A basilisk zombie (Lair:3)
  7 crimson imps
  A quasit (D:10)
  3 electric eels
  Crazy Yiuf (D:4)
  18 orc priests
  A giant frog skeleton (D:10)
  3 jellies
  15 hell rats
  56 orc wizards
  A two-headed ogre skeleton (Crypt:2)
  7 worker ants
  8 iguanas
  A killer bee zombie (D:9)
  19 sheep
  A crocodile zombie (Lair:3)
  A mottled dragon zombie (Crypt:2)
  A big kobold skeleton (Crypt:2)
  A deep dwarf skeleton (Crypt:1)
  2 hound skeletons
  A hound zombie (D:5)
  A mummy (D:12)
  A worker ant zombie (D:5)
  23 adders
  11 gnolls
  A steam dragon skeleton (Crypt:2)
  90 river rats
  5 giant mites
  A goliath beetle zombie (Crypt:1)
  A white imp (Lair:4)
  2 shadow imps
  A worm (D:2)
  2 adder zombies (D:8)
  2 orc zombies (Orc:4)
  An adder skeleton (D:5)
  6 giant geckos
  167 orcs
  2 ball pythons
  2 bat skeletons
  A bat zombie (D:5)
  3 giant cockroaches
  24 goblins
  24 hobgoblins
  12 jackals
  37 kobolds
  12 quokkas
  A ball python skeleton (Crypt:2)
  12 bats
  3 giant newts
  A giant spore (D:12)
  A jackal skeleton (Crypt:2)
  A quokka skeleton (D:5)
  A quokka zombie (D:8)
  18 rats
  7 ballistomycetes
  13 fungi
  12 plants
  3 tentacles (Shoals:5)
1825 creatures vanquished.

Vanquished Creatures (collateral kills)
  Donald (Shoals:1)
  An emperor scorpion (Spider:5)
  A vampire knight (D:14)
  Snorg (Spider:5)
  A merfolk impaler (Shoals:5)
  An ettin (Orc:4)
  A yaktaur captain (Vaults:1)
  A great orb of eyes (D:14)
  A fire dragon (Lair:8)
  3 hydras
  An alligator snapping turtle (Shoals:4)
  3 death yaks
  A merfolk aquamancer (Shoals:1)
  A sea snake (Shoals:5)
  A deep elf knight (Vaults:1)
  A hornet (Spider:5)
  4 ugly things (Vaults:1)
  2 wolf spiders (Spider:5)
  A manticore (Shoals:5)
  An elephant (Lair:8)
  A siren (Shoals:5)
  A centaur zombie (D:14)
  A black mamba (Lair:5)
  A torpor snail (Spider:5)
  A spiny frog (Lair:1)
  A komodo dragon (Lair:8)
  A deep elf priest (Vaults:1)
  4 jumping spiders (Spider:5)
  5 merfolk (Shoals:5)
  4 snapping turtles (Shoals:5)
  5 blink frogs
  2 trapdoor spiders (Spider:5)
  A redback (Spider:5)
  2 water elementals (Shoals:1)
  2 basilisks (Lair:5)
  2 tarantellas (Spider:5)
  A deep elf mage (Vaults:1)
  A wraith (Vaults:1)
  A deep elf fighter (Elf:2)
  A wolf (Lair:1)
  2 spiders (Spider:5)
  An ogre (D:11)
  3 crocodiles
  A giant frog (Lair:5)
  An iguana (D:11)
  3 sheep (Shoals:5)
  5 river rats
  A giant mite (Lair:5)
  3 fungi (Lair:5)
  2 plants (Lair:5)
88 creatures vanquished.

Vanquished Creatures (others)
  A deep elf high priest (Elf:2)
  2 death yaks
  A deep troll (Spider:5)
  3 elephants (Lair:4)
  26 drowned souls
  A spiny frog (Lair:4)
  A komodo dragon (Lair:4)
  A jumping spider (Elf:1)
  3 tarantellas
  A yak (Lair:8)
  A deep elf fighter (Elf:2)
  A hippogriff (Lair:8)
  A wasp (Spider:5)
  2 spiders (Spider:5)
  A lost soul (Crypt:1)
  A hell rat (Elf:1)
  An adder (Lair:4)
  4 river rats
  A white imp (Lair:4)
  2 giant spores
  33 fungi
  17 plants
  7 tentacles (Shoals:5)
  117 tentacle segments (Shoals:5)
229 creatures vanquished.

Grand Total: 2142 creatures vanquished

Notes
Turn   | Place    | Note
--------------------------------------------------------------
     0 | D:1      | kroki, the Ghoul Berserker, began the quest for the Orb.
     0 | D:1      | Reached XP level 1. HP: 19/19 MP: 1/1
    10 | D:1      | Noticed a salamander
    10 | D:1      | Noticed a hog
    10 | D:1      | Noticed a polar bear
    66 | D:1      | Reached skill level 3 in Axes
   115 | D:1      | Reached XP level 2. HP: 20/26 MP: 2/2
   453 | D:1      | Acquired Trog's second power
   453 | D:1      | Reached XP level 3. HP: 28/31 MP: 3/3
   634 | D:2      | Found a white marble altar of Elyvilon.
   645 | D:2      | Reached skill level 4 in Axes
   959 | D:2      | Reached XP level 4. HP: 30/37 MP: 3/3
  1114 | D:2      | HP: 9/38 [gnoll/halberd (5)]
  1619 | D:3      | Reached skill level 5 in Axes
  1756 | D:3      | Reached XP level 5. HP: 45/45 MP: 4/4
  2155 | D:4      | Noticed Edmund
  2181 | D:4      | HP: 9/45 [Edmund/wand of flame (10)]
  2389 | D:4      | Killed Edmund
  2389 | D:4      | Reached skill level 6 in Axes
  2389 | D:4      | Reached XP level 6. HP: 39/51 MP: 5/5
  2484 | D:4      | Acquired Trog's third power
  2514 | D:4      | Noticed Prince Ribbit
  2787 | D:4      | Killed Prince Ribbit
  2787 | D:4      | Reached skill level 7 in Axes
  2787 | D:4      | Reached XP level 7. HP: 29/57 MP: 5/5
  2871 | D:4      | Noticed an ogre
  3073 | D:4      | Reached skill level 2 in Armour
  3129 | D:4      | Noticed Crazy Yiuf
  3134 | D:4      | Killed Crazy Yiuf
  3222 | D:4      | Killed an ogre
  3315 | D:5      | Entered Level 5 of the Dungeon
  3345 | D:5      | Reached skill level 4 in Fighting
  3497 | D:5      | Noticed dscm's ghost (average MiFi)
  3520 | D:5      | HP: 13/58 [dscm's ghost (7)]
  3525 | D:5      | HP: 10/58 [dscm's ghost (2)]
  3542 | D:5      | Killed dscm's ghost
  3542 | D:5      | Reached skill level 8 in Axes
  3542 | D:5      | Reached XP level 8. HP: 30/66 MP: 6/6
  3583 | D:5      | Reached skill level 3 in Armour
  4184 | D:5      | Reached skill level 5 in Fighting
  4390 | D:6      | Found an iron altar of Okawaru.
  4443 | D:6      | Noticed Pikel
  4472 | D:6      | Killed Pikel
  4472 | D:6      | Reached skill level 9 in Axes
  4472 | D:6      | Reached skill level 4 in Armour
  4472 | D:6      | Reached XP level 9. HP: 25/75 MP: 7/7
  4520 | D:6      | Identified Xihee's Volume of Ashen Battle Magic
  4769 | D:6      | Found a shimmering altar of Xom.
  4770 | D:6      | Found a burning altar of Makhleb.
  5300 | D:7      | Reached skill level 6 in Fighting
  5314 | D:7      | Noticed Eustachio
  5325 | D:7      | Killed Eustachio
  5398 | D:7      | Found a staircase to the Ecumenical Temple.
  5486 | D:7      | Received a gift from Trog
  5623 | D:7      | Reached skill level 10 in Axes
  5793 | D:7      | Reached skill level 5 in Armour
  5840 | D:7      | Found a sparkling altar of Nemelex Xobeh.
  5876 | D:7      | Found Skifu's Armour Boutique.
  5883 | D:7      | Bought a +0 pair of boots for 45 gold pieces
  5999 | D:7      | Found a glowing golden altar of the Shining One.
  5999 | D:7      | Found an ancient bone altar of Kikubaaqudgha.
  6001 | D:7      | Found a white marble altar of Elyvilon.
  6002 | D:7      | Found a bloodstained altar of Trog.
  6109 | D:7      | Noticed Dowan
  6110 | D:7      | Noticed Duvessa
  6119 | D:7      | Killed Dowan
  6124 | D:7      | Killed Duvessa
  6333 | D:8      | Noticed dscm's ghost (average MiFi)
  6339 | D:8      | Killed dscm's ghost
  6339 | D:8      | Reached skill level 7 in Fighting
  6376 | D:8      | Reached XP level 10. HP: 80/86 MP: 7/7
  6534 | D:8      | Found a staircase to the Lair.
  6534 | D:8      | Noticed an elephant
  6562 | D:8      | Received a gift from Trog
  6572 | D:8      | Killed an elephant
  6575 | D:8      | Reached skill level 11 in Axes
  6969 | Lair:1   | Entered Level 1 of the Lair of Beasts
  6984 | Lair:1   | Reached skill level 6 in Armour
  6991 | Lair:1   | Received a gift from Trog
  7124 | Lair:1   | Reached skill level 8 in Fighting
  7130 | Lair:1   | HP: 19/87 [blink frog (8)]
  7344 | Lair:1   | Reached XP level 11. HP: 95/95 MP: 8/8
  7469 | Lair:1   | Noticed a seven-headed hydra
  7478 | Lair:1   | HP: 23/95 [five-headed hydra (3)]
  7479 | Lair:1   | Reached skill level 7 in Armour
  7479 | Lair:1   | Reached skill level 12 in Axes
  7479 | Lair:1   | Killed a four-headed hydra
  7583 | Lair:1   | Received a gift from Trog
  7828 | Lair:1   | Reached skill level 9 in Fighting
  8638 | Lair:3   | Noticed a six-headed hydra
  8648 | Lair:3   | Killed a two-headed hydra
  8648 | Lair:3   | Reached skill level 8 in Armour
  8695 | Lair:3   | Received a gift from Trog
  8984 | Lair:3   | Reached skill level 13 in Axes
  9084 | Lair:3   | Noticed a necromancer
  9087 | Lair:3   | Killed a necromancer
  9150 | Lair:3   | Reached skill level 10 in Fighting
  9187 | Lair:3   | Reached XP level 12. HP: 94/104 MP: 9/9
  9926 | Lair:4   | Received a gift from Trog
 10037 | Lair:4   | Reached skill level 9 in Armour
 10061 | Lair:4   | Reached skill level 14 in Axes
 10251 | Lair:4   | Reached skill level 11 in Fighting
 10351 | Lair:4   | Noticed an ice dragon
 10371 | Lair:4   | Lost intelligence.
 10389 | Lair:4   | Killed an ice dragon
 10423 | Lair:4   | Lost intelligence.
 10756 | Lair:5   | Noticed a six-headed hydra
 10768 | Lair:5   | HP: 25/108 [eight-headed hydra (8)]
 10770 | Lair:5   | Killed an eight-headed hydra
 10861 | Lair:5   | HP: 22/107 [blink frog (10)]
 10883 | Lair:5   | Reached XP level 13. HP: 65/113 MP: 9/9
 10904 | Lair:5   | Noticed a five-headed hydra
 10916 | Lair:5   | Killed a five-headed hydra
 10966 | Lair:5   | Found a staircase to the Shoals.
 11073 | Lair:5   | You fall through a shaft for 2 floors!
 11095 | Lair:7   | Received a gift from Trog
 11203 | Lair:6   | Reached skill level 10 in Armour
 11306 | Lair:6   | Reached skill level 15 in Axes
 11612 | Lair:5   | Reached skill level 12 in Fighting
 11700 | Lair:5   | Received a gift from Trog
 12592 | Lair:6   | Found a hole to the Spider Nest.
 13274 | Lair:7   | Received a gift from Trog
 13330 | Lair:7   | Reached XP level 14. HP: 100/125 MP: 10/10
 13478 | Lair:7   | Identified a scroll of acquirement
 13479 | Lair:7   | Got a pair of twisted boots
 13490 | Lair:7   | Identified the -5 pair of boots of the Assorted Nights {-Cast Regen+ Dex+2} (You acquired it on level 7 of the Lair of Beasts)
 13834 | Lair:8   | Entered Level 8 of the Lair of Beasts
 13940 | Lair:8   | Found a viscous altar of Jiyva.
 13954 | Lair:8   | Found a staircase to the Slime Pits.
 14251 | Lair:8   | HP: 31/124 [blink frog (9)]
 14256 | Lair:8   | Received a gift from Trog
 14258 | Lair:8   | HP: 22/124 [river rat (1)]
 14384 | Lair:8   | Reached skill level 16 in Axes
 14445 | Lair:8   | Reached skill level 11 in Armour
 14805 | Lair:8   | Reached skill level 13 in Fighting
 14912 | Lair:8   | Received a gift from Trog
 15852 | D:9      | Identified a +1 rod of inaccuracy (11/11) (You found it on level 5 of the Lair of Beasts)
 15950 | D:10     | Entered Level 10 of the Dungeon
 16095 | D:10     | Received a gift from Trog
 16176 | D:10     | Found a staircase to the Orcish Mines.
 16517 | D:10     | Received a gift from Trog
 16582 | D:11     | Noticed Erica
 16582 | D:11     | Noticed Erolcha
 16587 | D:11     | Killed Erica
 16598 | D:11     | Killed Erolcha
 16708 | D:11     | Noticed Fannar
 16735 | D:11     | Killed Fannar
 17582 | Orc:1    | Entered Level 1 of the Orcish Mines
 17623 | Orc:1    | Found Ituoskarph's Antique Armour Shoppe.
 17638 | Orc:1    | Bought a pair of glowing gloves for 126 gold pieces
 17767 | Orc:1    | Received a gift from Trog
 18130 | Orc:3    | Received a gift from Trog
 18213 | Orc:3    | Found Riuqolic's Food Boutique.
 18632 | Orc:3    | Received a gift from Trog
 19026 | Orc:2    | Found Wubitt's Distillery.
 19062 | Orc:2    | Found Ibrimn's Distillery.
 19104 | Orc:4    | Entered Level 4 of the Orcish Mines
 19109 | Orc:4    | Noticed Harold
 19111 | Orc:4    | Received a gift from Trog
 19131 | Orc:4    | Killed Harold
 19134 | Orc:4    | Found a roughly hewn altar of Beogh.
 19424 | Orc:4    | Found Bixec's Gadget Emporium.
 19438 | Orc:4    | Received a gift from Trog
 19463 | Orc:4    | Found Dyurrayh's Gadget Shop.
 19541 | Orc:4    | Found a roughly hewn altar of Beogh.
 19584 | Orc:4    | Found Detih's Magic Scroll Emporium.
 19591 | Orc:4    | Reached XP level 15. HP: 128/135 MP: 3/11
 19611 | Orc:4    | Found Smueh's Weapon Shop.
 19617 | Orc:4    | Received a gift from Trog
 19771 | Orc:4    | Found a staircase to the Elven Halls.
 19783 | Orc:4    | HP: 28/136 [ettin/great mace (36)]
 20073 | Orc:4    | Bought a scroll of acquirement for 728 gold pieces
 20085 | Orc:4    | Identified a +2 pair of boots of running (You acquired it on level 4 of the Orcish Mines)
 20179 | Orc:1    | Bought a shiny fire dragon armour for 1680 gold pieces
 20287 | Orc:4    | Bought a scroll of identify for 28 gold pieces
 20287 | Orc:4    | Bought a scroll of identify for 28 gold pieces
 20762 | D:12     | Reached skill level 17 in Axes
 20862 | D:12     | Got a polished ring mail
 20873 | D:12     | Identified the +2 ring mail "Beuxopp" {Str+2} (You found it on level 12 of the Dungeon)
 21036 | D:12     | Received a gift from Trog
 21176 | D:12     | Found Chaummo's Distillery.
 21640 | D:13     | Found a flagged portal.
 21648 | D:13     | Received a gift from Trog
 21661 | Bailey   | Entered a bailey
 22017 | D:13     | Reached skill level 12 in Armour
 22390 | D:13     | Reached skill level 14 in Fighting
 22713 | D:14     | Reached skill level 2 in Dodging
 22713 | D:14     | HP: 32/136 [vampire knight/great sword (20)]
 22804 | D:14     | Noticed a frost giant
 22820 | D:14     | Killed a frost giant
 22852 | D:14     | Got a faintly glowing helmet
 22863 | D:14     | Identified the +1 helmet of the Shoals {Slay+3} (You acquired it on level 14 of the Dungeon)
 22886 | D:14     | Received a gift from Trog
 22897 | D:14     | Reached skill level 3 in Dodging
 22899 | D:14     | HP: 31/138 [orc warrior/glaive[an orc knight] (12)]
 22905 | D:14     | HP: 33/138 [orc/short sword[an orc knight] (4)]
 22918 | D:14     | HP: 27/138 [orc priest/divine providence[an orc knight] (11)]
 23176 | D:14     | Found a gate to the Vaults.
 23263 | D:14     | Noticed a sphinx
 23269 | D:14     | Killed a sphinx
 23676 | D:15     | Entered Level 15 of the Dungeon
 23820 | D:15     | Reached skill level 4 in Dodging
 23887 | D:15     | Found a shadowy altar of Dithmenos.
 23918 | D:15     | Noticed Urug
 23929 | D:15     | Killed Urug
 24005 | D:15     | Reached skill level 1 in Evocations
 24006 | D:15     | Found a staircase to the Depths.
 24189 | D:15     | Reached XP level 16. HP: 147/147 MP: 5/15
 24663 | D:11     | Received a gift from Trog
 24759 | Orc:2    | Bought a potion of restore abilities for 50 gold pieces
 24759 | Orc:2    | Bought a potion of haste for 100 gold pieces
 24759 | Orc:2    | Bought a potion of heal wounds for 50 gold pieces
 24759 | Orc:2    | Bought a potion of agility for 40 gold pieces
 24759 | Orc:2    | Bought a potion of curing for 30 gold pieces
 24759 | Orc:2    | Bought a potion of resistance for 100 gold pieces
 24759 | Orc:2    | Bought a potion of curing for 30 gold pieces
 24759 | Orc:2    | Bought 2 potions of curing for 60 gold pieces
 24774 | Orc:2    | Bought a potion of curing for 33 gold pieces
 24774 | Orc:2    | Bought a potion of haste for 110 gold pieces
 24774 | Orc:2    | Bought a potion of restore abilities for 55 gold pieces
 24774 | Orc:2    | Bought 2 potions of heal wounds for 110 gold pieces
 24774 | Orc:2    | Bought a potion of invisibility for 88 gold pieces
 24774 | Orc:2    | Bought a potion of restore abilities for 55 gold pieces
 24946 | Lair:2   | Noticed a five-headed hydra
 24953 | Lair:2   | Killed a one-headed hydra
 24955 | Lair:2   | Reached skill level 5 in Dodging
 25147 | Spider:1 | Entered Level 1 of the Spider Nest
 25161 | Spider:1 | Reached skill level 2 in Evocations
 25539 | Spider:1 | Received a gift from Trog
 25769 | Spider:1 | Found a roughly hewn altar of Beogh.
 25799 | Spider:1 | Reached skill level 6 in Dodging
 26324 | Spider:2 | Reached skill level 3 in Evocations
 26333 | Spider:2 | Reached skill level 18 in Axes
 26557 | Spider:2 | Received a gift from Trog
 28147 | Spider:4 | Received a gift from Trog
 28207 | Spider:4 | Reached skill level 7 in Dodging
 28273 | Spider:4 | Reached skill level 15 in Fighting
 28284 | Spider:4 | Received a gift from Trog
 28292 | Spider:4 | Reached skill level 4 in Evocations
 28547 | Spider:5 | Entered Level 5 of the Spider Nest
 28547 | Spider:5 | Noticed Nikola
 28557 | Spider:5 | Killed Nikola
 28664 | Spider:5 | Reached XP level 17. HP: 71/156 MP: 7/21
 28814 | Spider:5 | Reached skill level 13 in Armour
 28907 | Spider:5 | Received a gift from Trog
 28952 | Spider:5 | Noticed Snorg
 28998 | Spider:5 | HP: 21/154 [disintegration (22)]
 29009 | Spider:5 | HP: 17/154 [jumping spider (8)]
 29331 | Spider:5 | Reached skill level 8 in Dodging
 29445 | Spider:5 | Killed Snorg
 29687 | Spider:5 | HP: 38/156 [hornet (12)]
 29694 | Spider:5 | Received a gift from Trog
 30106 | Spider:5 | Reached skill level 5 in Evocations
 30227 | Spider:5 | Got a gossamer rune of Zot
 30246 | Spider:5 | Reached skill level 9 in Dodging
 30516 | Shoals:1 | Entered Level 1 of the Shoals
 30547 | Shoals:1 | Noticed Donald
 30555 | Shoals:1 | Killed Donald
 30781 | Shoals:1 | Received a gift from Trog
 32415 | Shoals:3 | HP: 35/157 [merfolk/trident (6)]
 32655 | Shoals:3 | Reached skill level 19 in Axes
 33018 | Shoals:3 | Reached XP level 18. HP: 130/166 MP: 8/24
 33168 | Shoals:4 | Found a shattered altar of Ashenzari.
 34103 | Shoals:5 | Entered Level 5 of the Shoals
 34172 | Shoals:5 | Received a gift from Trog
 34423 | Shoals:5 | Noticed Ilsuiw
 34452 | Shoals:5 | Killed Ilsuiw
 34524 | Shoals:5 | Noticed Turgon's ghost (powerful DsBe)
 34539 | Shoals:5 | Killed Turgon's ghost
 34823 | Shoals:5 | Received a gift from Trog
 34879 | Shoals:5 | Got a barnacled rune of Zot
 35343 | Shoals:5 | Reached skill level 16 in Fighting
 36008 | D:12     | Bought a potion of curing for 33 gold pieces
 36008 | D:12     | Bought a potion of curing for 33 gold pieces
 36008 | D:12     | Bought a potion of agility for 44 gold pieces
 36008 | D:12     | Bought a potion of might for 44 gold pieces
 36008 | D:12     | Bought a potion of invisibility for 88 gold pieces
 36008 | D:12     | Bought a potion of agility for 44 gold pieces
 36008 | D:12     | Bought a potion of curing for 33 gold pieces
 36008 | D:12     | Bought a potion of restore abilities for 55 gold pieces
 36078 | D:14     | Reached skill level 10 in Dodging
 36105 | Vaults:1 | Entered Level 1 of the Vaults
 36437 | Vaults:1 | Found Thoynoj's Antique Armour Shoppe.
 36440 | Vaults:1 | Noticed Wiglaf
 36458 | Vaults:1 | Killed Wiglaf
 36708 | Vaults:1 | HP: 31/165 [yaktaur captain/bolt (14)]
 36718 | Vaults:1 | HP: 27/166 [deep elf priest/divine providence (13)]
 36718 | Vaults:1 | Received a gift from Trog
 36777 | Vaults:1 | Got an iridescent battleaxe {god gift}
 36778 | Vaults:1 | Identified the +5 battleaxe of the Lame Duck {chop, *Rage rElec Str+2} (Trog gifted it to you on level 1 of the Vaults)
 37087 | Vaults:1 | Reached XP level 19. HP: 120/173 MP: 8/25
 37168 | Vaults:1 | Reached skill level 14 in Armour
 37284 | Vaults:1 | Reached skill level 20 in Axes
 37559 | Vaults:2 | Received a gift from Trog
 37625 | Vaults:2 | HP: 36/174 [skeletal warrior/dire flail (15)]
 37716 | Vaults:2 | Reached skill level 11 in Dodging
 37848 | Vaults:2 | Found a staircase to the Crypt.
 37877 | Vaults:2 | Received a gift from Trog
 38090 | Vaults:2 | Reached skill level 17 in Fighting
 39193 | D:6      | Fell from the grace of Trog
 39193 | D:6      | Became a worshipper of Makhleb the Destroyer
 39406 | Elf:1    | Entered Level 1 of the Elven Halls
 39622 | Elf:1    | Acquired Makhleb's first power
 39764 | Elf:1    | Noticed Sonja
 39770 | Elf:1    | Killed Sonja
 39789 | Elf:1    | Acquired Makhleb's second power
 39802 | Elf:1    | Got a steaming helmet
 39813 | Elf:1    | Identified the +2 helmet of Focus {rElec rPois rF+ Str-4} (You acquired it on level 1 of the Elven Halls)
 40000 | Elf:1    | Noticed Kirke
 40250 | Elf:1    | HP: 41/174 [jumping spider[a deep elf summoner] (8)]
 40267 | Elf:1    | HP: 27/174 [stone giant/large rock[the rage of Trog] (35)]
 40714 | Elf:1    | HP: 43/173 [iron troll[the rage of Trog] (3)]
 40907 | Elf:1    | Reached skill level 12 in Dodging
 41178 | Elf:1    | Noticed Maud
 41193 | Elf:1    | Killed Maud
 41193 | Elf:1    | Reached XP level 20. HP: 182/187 MP: 7/25
 41217 | Elf:2    | Found Ybooxis' Gadget Boutique.
 41221 | Elf:2    | Acquired Makhleb's third power
 41424 | Elf:2    | Reached skill level 15 in Armour
 41610 | Elf:2    | Found a portal to a secret trove of treasure.
 41858 | Elf:2    | Found a runed gate.
 41858 | Elf:2    | Found a runed gate.
 41860 | Elf:2    | Found a runed gate.
 41963 | Elf:2    | Reached skill level 18 in Fighting
 41967 | Elf:2    | Acquired Makhleb's fourth power
 42356 | Elf:3    | Entered Level 3 of the Elven Halls
 42451 | Elf:3    | Noticed Mara
 42486 | Elf:3    | Killed Mara
 42530 | Elf:3    | Noticed Frances
 42542 | Elf:3    | Killed Frances
 43068 | Vaults:3 | Acquired Makhleb's fifth power
 43364 | Vaults:3 | Found Mnouxuga's General Store.
 43471 | Vaults:3 | Bought a scroll of magic mapping for 66 gold pieces
 43471 | Vaults:3 | Bought a scroll of recharging for 180 gold pieces
 43471 | Vaults:3 | Bought a potion of curing for 57 gold pieces
 43582 | Vaults:3 | Reached skill level 13 in Dodging
 43898 | Vaults:3 | HP: 11/189 [stone giant[the rage of Trog] (47)]
 44227 | Crypt:1  | Entered Level 1 of the Crypt
 44697 | Crypt:2  | HP: 29/183 [stone giant[the rage of Trog] (30)]
 44876 | Crypt:2  | Reached XP level 21. HP: 119/190 MP: 6/26
 44877 | Crypt:2  | Reached skill level 16 in Armour
 44916 | Crypt:2  | Reached skill level 19 in Fighting
 45280 | Crypt:2  | Noticed Saint Roka
 45312 | Crypt:2  | Killed Saint Roka
 45724 | Crypt:2  | HP: 24/194 [hill giant/giant club[the rage of Trog] (47)]
 45724 | Crypt:2  | Mangled by a stone giant

Action                   |  1- 3 |  4- 6 |  7- 9 | 10-12 | 13-15 | 16-18 | 19-21 || total
-------------------------+-------+-------+-------+-------+-------+-------+-------++-------
Melee: Hand axe          |   121 |    63 |       |       |       |       |       ||   184
       War axe           |       |   109 |   313 |       |       |       |       ||   422
       Battleaxe         |       |       |    75 |   539 |  1481 |  1692 |  1285 ||  5072
Throw: Throwing net      |       |     1 |     1 |       |       |       |       ||     2
Invok: Trog's Hand       |       |     1 |     1 |     1 |     7 |     8 |     2 ||    20
       Brothers in Arms  |       |     1 |       |     3 |     8 |    13 |       ||    25
       Burn Spellbooks   |       |       |       |     1 |       |     1 |       ||     2
       Lesser Servant of |       |       |       |       |       |       |     1 ||     1
Evoke: Wand              |       |     7 |     3 |     2 |    10 |    15 |    13 ||    50
       Fan of gales      |       |       |       |       |     1 |     2 |       ||     3
       Deck              |       |       |       |       |       |     2 |       ||     2
       Sack of spiders   |       |       |       |       |       |     3 |       ||     3
  Use: Scroll            |     3 |     4 |     6 |    10 |    13 |    19 |    21 ||    76
       Potion            |       |       |       |     8 |       |     8 |     3 ||    19
 Stab: Distracted        |       |       |       |       |     1 |     4 |       ||     5
       Invisible         |       |       |       |       |       |    10 |    15 ||    25
  Eat: Chunk             |     9 |     7 |    28 |    53 |   114 |   141 |    72 ||   424
       Meat ration       |       |       |       |     1 |       |       |       ||     1
       Pizza             |       |       |       |       |       |       |     2 ||     2

Vault maps used:
D:1:      onia_arrival_zoo_common
D:2:      grunt_decor_one_mirror, elyvilon_altar_5
D:4:      uniq_prince_ribbit1, uniq_crazy_yiuf_cottage, uniq_edmund
D:5:      first_bread
D:6:      grunt_temple_overflow_champion_of_chaos, okawaru_gym_becter,
          uniq_pikel
D:7:      minmay_flawed_box, nemelex_altar_shiori, minitemple,
          nicolae_overflow_hidden_temple, minmay_temple_entry_water_ring,
          serial_shops, shop, grunt_livestock, uniq_duvessa, uniq_eustachio,
          uniq_iyjb
D:8:      david_lair_generic, minmay_misc_feat_columns, minmay_statues_item,
          serial_bayou_crossing
D:10:     orc_0_dummy, stair_cage_cross
D:11:     uniq_erica, uniq_fannar, uniq_erolcha
D:12:     serial_shops, kennysheep_mini_moat
D:13:     enter_bailey_2
D:14:     minmay_octo_star
D:15:     grunt_enter_depths_magical_seal, grunt_dithmenos_shadows, uniq_urug
Lair:1:   mumra_transporter_accident, serial_bayou_shore_b, grunt_megastairs_4
Lair:2:   st_stairs_11
Lair:3:   pond_and_an_island_with_a_cottage, grunt_megastairs_3
Lair:4:   bobbens_ice_dragon_lair, grunt_megastairs_2
Lair:5:   minmay_lair_venomous_thicket, minmay_shoals_entry_beasts
Lair:6:   nicolae_spider_entry_orb_guardian, serial_bayou_shore_b,
          grunt_megastairs_5, infiniplex_staircase_pool_2
Lair:7:   grunt_forest_large_clearings
Lair:8:   guppyfry_lair_end_dragon, slime_altar_1, grunt_forest_small_clearings,
          nicolae_quartered_pool_medium
Shoals:1: uniq_donald
Shoals:4: lemuel_oklob_altar
Shoals:5: shoals_end_hangedman, shoals_ilsuiw_alternative
Spider:1: nicolae_spider_mines_2, hangedman_spider_tarantella_strand
Spider:2: spider_trap
Spider:5: grunt_spider_rune_parallel, uniq_nikola, uniq_snorg
Orc:1:    serial_shops, shop
Orc:2:    serial_shops, nicolae_shop_behind_doors, nicolae_shop_behind_doors,
          lightli_orcish_oven
Orc:3:    serial_shops, shop, nicolae_orc_pool_cavern
Orc:4:    st_orc_town, basic_altar, uniq_harold
Elf:1:    minmay_elf_arrival_circle, minmay_elf_demonology, uniq_maud,
          uniq_sonja, uniq_kirke
Elf:2:    nicolae_trove_entry_free_sample, serial_shops, shop,
          lemuel_flamethrower_3
Elf:3:    minmay_elf_hall_golems, hangedman_decor_cross_pass, uniq_mara,
          uniq_frances, uniq_aizul
Vaults:1: v_misc_16, nicolae_vaults_little_ls, vaults_mumra_hexcomb,
          v_alt_pattern_4, ontoclasm_vaults_twist, nicolae_vaults_what_the_h,
          v_misc_28, serial_shops, shop, uniq_wiglaf
Vaults:2: v_misc_33, v_misc_16, ontoclasm_vaults_tryst, v_misc_17,
          nicolae_vaults_yaktaur_gun_rack, v_pattern_2, hangedman_vaults_corner,
          nicolae_vaults_theta, vaults_room_boxed,
          minmay_crypt_entry_simple_box, vaults_room_corners
Vaults:3: nicolae_vaults_little_squares_2, st_more_cells,
          hangedman_vaults_stitches, v_misc_13, vaults_room_fancy_cross,
          nicolae_vaults_little_squares_5, vaults_dpeg_encased_lava,
          ontoclasm_vaults_ring_large, v_misc_1,
          nicolae_vaults_diagonal_hallway_9, vaults_room_fours,
          hangedman_vaults_trim, serial_shops, shop_statue
Crypt:2:  crypt_curse_skull_rare, kb_skeletal_archery,
          roderic_lattice_octagonal_star, uniq_saint_roka
Bailey:   bailey_axe_1, bailey

Table legend:
 A = Turns spent in this place as a percentage of turns spent in the entire game.
 B = Non-inter-level travel turns spent in this place as a percentage of non-inter-level travel turns spent in the entire game.
 C = Inter-level travel turns spent in this place as a percentage of turns spent in this place.
 D = Turns resting spent in this place as a percentage of non-inter-level travel turns spent in this place.
 E = Turns spent auto-exploring this place as a percentage of non-inter-level travel turns spent in this place.
 F = Non-inter-level travel turns spent in this place divided by the number of levels of this place that you've seen.
                   A       B       C       D       E      F
               +-------+-------+-------+-------+-------+----------------------
         Total | 100.0 | 100.0 |   0.5 |   0.8 |   7.3 | 442.1
       Dungeon |  26.2 |  26.2 |   0.7 |   0.3 |   9.0 | 355.1
          Lair |  19.6 |  19.5 |   0.7 |   0.5 |   6.8 | 496.2
        Shoals |  11.0 |  11.0 |   0.3 |   1.8 |   5.8 | 447.4
   Spider Nest |  13.0 |  13.0 |   0.3 |   1.0 |   5.3 | 529.8
  Orcish Mines |   7.2 |   7.2 |   1.2 |   0.0 |  12.0 | 365.0
   Elven Halls |   7.4 |   7.4 |   0.3 |   2.0 |   7.8 | 501.7
        Vaults |  10.3 |  10.3 |   0.4 |   0.5 |   6.7 | 701.0
         Crypt |   4.2 |   4.2 |   0.1 |   1.4 |   4.7 | 424.5
        Bailey |   1.2 |   1.2 |   0.0 |   0.0 |   1.7 | 237.0
               +-------+-------+-------+-------+-------+----------------------

Table legend:
 A = Kills in this place as a percentage of kills in entire the game.
 B = Kills by you in this place as a percentage of kills by you in the entire game.
 C = Kills by friends in this place as a percentage of kills by friends in the entire game.
 D = Other kills in this place as a percentage of other kills in the entire game.
 E = Experience gained in this place as a percentage of experience gained in the entire game.
 F = Experience gained in this place divided by the number of levels of this place that you have seen.
                   A       B       C       D       E      F
               +-------+-------+-------+-------+-------+----------------------
         Total | 100.0 | 100.0 | 100.0 | 100.0 | 100.0 | 11215.6
       Dungeon |  22.5 |  23.5 |   6.0 |   0.0 |  10.4 | 3580.0
          Lair |  20.4 |  19.0 |  34.9 |  88.9 |  12.9 | 8312.4
        Shoals |   7.6 |   6.8 |  25.3 |   0.0 |  13.1 | 13527.4
   Spider Nest |  13.2 |  13.0 |  20.5 |   0.0 |  16.8 | 17344.6
  Orcish Mines |  12.1 |  12.7 |   1.2 |   0.0 |   2.4 | 3093.2
   Elven Halls |   7.1 |   7.3 |   1.2 |  11.1 |  13.1 | 22470.3
        Vaults |  11.5 |  11.7 |  10.8 |   0.0 |  21.9 | 37699.0
         Crypt |   4.2 |   4.5 |   0.0 |   0.0 |   9.2 | 23607.5
        Bailey |   1.4 |   1.5 |   0.0 |   0.0 |   0.2 | 1264.0
               +-------+-------+-------+-------+-------+----------------------
